 Dungeon Crawl Stone Soup version 0.30.1-11-g7821555f0a (webtiles) character file.

Game seed: 10597045240606027374

1678 chitownmike the Covered (level 8, -3/61 HPs)
             Began as a Demonspawn Berserker on Dec 7, 2023.
             Was a Believer of Trog.
             Slain by a wyvern (6 damage)
             ... on level 7 of the Dungeon.
             The game lasted 00:43:03 (6442 turns).

chitownmike the Covered (Demonspawn Berserker)      Turns: 6442, Time: 00:43:05

Health: -3/61      AC: 14    Str: 20    XL:     8   Next: 70%
Magic:  8/8        EV:  6    Int: 15    God:    Trog [**....]
Gold:   330        SH:  4    Dex: 12    Spells: 7/7 levels left

rFire   . . .        e - +5 spear (vamp)
rCold   . . .        l - +0 buckler
rNeg    . . .        v - +1 plate armour
rPois   .            (no helmet)
rElec   .            (no cloak)
rCorr   .            x - +0 pair of gloves
SInv    .            (no boots)
Will    ++...        (no amulet) Stlth
                     n - +6 ring of intelligence
HPRegen 1.30/turn    (no ring)
MPRegen 0.11/turn

%: no passive effects
@: lethally poisoned (-3 -> -9), about to teleport, strong-willed, on berserk
cooldown, regenerating, slowed, very slow
A: claws 2, demonic guardian 1, condensation shield
a: Renounce Religion, Berserk, Trog's Hand


You were on level 7 of the Dungeon.
You worshipped Trog.
Trog was pleased with you.
You visited 2 branches of the dungeon, and saw 8 of its levels.

You collected 330 gold pieces.

Inventory:

Hand Weapons
 c - a +0 club
 d - a +0 whip
 e - a +5 vampiric spear (weapon)
 i - a +0 short sword
 k - a +0 mace
 m - a +0 short sword
 o - a +0 war axe
 p - a +0 rapier
 t - a +0 short sword
 y - a +0 spear
 A - a +0 flail
 E - a +0 shortbow
 G - a +1 shortbow of draining
 H - a +0 club
 J - a +0 quarterstaff
 K - a +0 sling
 L - a +0 scythe
Missiles
 h - 14 stones (quivered)
Armour
 l - a +0 buckler (worn)
 s - a +0 ring mail
 v - a +1 plate armour (worn)
 x - a +0 pair of gloves (worn)
 C - a +1 cloak
Magical Staves
 w - a staff of fire
 I - a staff of earth
 M - a staff of fire
Jewellery
 n - a +6 ring of intelligence (left hand)
 B - an amulet of magic regeneration
 D - a ring of wizardry
Scrolls
 j - a scroll of poison
 r - a scroll of teleportation
 N - a scroll of vulnerability
Potions
 b - 2 potions of heal wounds {unknown}
 f - a potion of haste {unknown}
 g - a potion of resistance {unknown}
 q - 2 potions of mutation
 u - a potion of brilliance
 z - 2 potions of flight {unknown}
 F - a potion of berserk rage {unknown}


   Skills:
 + Level 4.4 Fighting
 + Level 4.8 Short Blades
 + Level 4.4 Polearms
 + Level 0.8 Throwing
 + Level 6.0 Armour
 + Level 3.1 Dodging
 + Level 1.0 Stealth
 + Level 3.2 Shields


You had 7 spell levels left.
You didn't know any spells.
Your spell library contained the following spells:

 Spells                   Type           Power      Damage    Failure   Level
 Summon Guardian Golem    Hex/Summ       0%         N/A       100%        3
 Vhi's Electric Charge    Tloc/Air       0%         N/A       100%        3
 Arcjolt                  Conj/Air       0%         1d10      100%        5
 Plasma Beam              Fire/Air       0%         2x1d11    100%        6
 Orb of Destruction       Conj           0%         9d5       100%        7
 Spellforged Servitor     Conj/Summ      0%         N/A       100%        7


Dungeon Overview and Level Annotations

Branches:
Dungeon (7/15)             Temple (1/1) D:4

Altars:
Ashenzari
Cheibriados
Dithmenos
Fedhas
Gozag
Hepliaklqana
Kikubaaqudgha
Makhleb
Nemelex Xobeh
Okawaru
Qazlal
Ru
Sif Muna
Trog
Uskayaw
Vehumet
Wu Jian
Xom


Innate Abilities, Weirdness & Mutations

You have very sharp fingernails.
A weak demonic guardian rushes to your aid.
A meltable shield of frost defends you. (SH +0)


Message History

You convulse.
* * * LOW HITPOINT WARNING * * *
A demonic guardian appears!
You block the orc's attack. The orc closely misses you.
You feel better. The wyvern bites you.
The water moccasin bites you but does no damage.
The wyvern bites you!
* * * LOW HITPOINT WARNING * * *
Something hits you but does no damage. The orc hits you but does no damage.
The orc closely misses you. The orc hits you but does no damage.
Your shadow imp barely misses the wyvern.
The water moccasin completely misses you.
You feel better. The wyvern bites you!
* * * LOW HITPOINT WARNING * * *
A demonic guardian appears!
You block the water moccasin's attack. Something hits you but does no damage.
The orc barely misses you. The wyvern bites you.
* * * LOW HITPOINT WARNING * * *
You block the orc's attack. x2; Your shadow imp hits the wyvern.
The water moccasin bites you but does no damage.
The orc hits you but does no damage. The wyvern barely misses you.
The orc hits you but does no damage. The orc barely misses you.
You hear some strange, mumbled words.
A puff of flame appears from out of thin air!
The puff of flame hits you but does no damage.
Your condensation shield dissipates!
Your shadow imp barely misses the wyvern.
As you read the scroll of teleportation, it crumbles to dust.
You feel strangely unstable.
The water moccasin bites you but does no damage.
The wyvern bites you but does no damage.
Your quasit bites something but does no damage.
Your quasit misses something. x2; Something completely misses you.
The orc hits you but does no damage. x3
Your shadow imp gestures at the wyvern.
The wyvern struggles to resist.
The water moccasin bites you.
* * * LOW HITPOINT WARNING * * *
You are lethally poisoned!
The water moccasin poisons you! The wyvern bites you.
You die...

#.....#....#...#..###
.....##.............##
...)....#........#...####
........#........##.....#
.........##.###..###...#.#
............###.....>..#
.............#......#....#
............oo.....###.###
...........o@{)......###
##.........lS.5.......#
#........5...##.##...#
#......#.###.##......##
........... #..#.......###
..#......................#
..####................<###
#...............###
.........


You could see a water moccasin, a wyvern (ally target), 3 orcs, a friendly
quasit (summoned) and a friendly shadow imp (summoned).

Vanquished Creatures
  Sigmund (D:6)
  2 water moccasins (D:6)
  An ice beast (D:4)
  2 black bears (D:5)
  A centaur (D:6)
  A scorpion (D:3)
  A howler monkey (D:5)
  2 hounds
  A jelly (D:6)
  A gnoll bouda (D:6)
  3 orc priests
  Jessica (D:2)
  An orc wizard (D:6)
  3 iguanas
  4 gnolls (D:6)
  6 adders
  2 white imps (D:6)
  A worm (D:4)
  A dart slug (D:1)
  10 orcs
  6 endoplasms
  2 giant cockroaches
  6 hobgoblins
  5 jackals
  11 kobolds
  6 quokkas
  17 ball pythons
  9 bats
  A frilled lizard (D:2)
  12 goblins
  3 rats
123 creatures vanquished.

Vanquished Creatures (collateral kills)
  A water moccasin (D:6)
  A black bear (D:5)
  A phantom (D:6)
  3 gnolls (D:4)
  A worm (D:3)
  A dart slug (D:5)
  2 endoplasms
  A quokka (D:1)
11 creatures vanquished.

Grand Total: 134 creatures vanquished

Notes
Turn   | Place    | Note
-------+----------+-------------------------------------------
     0 | D:1      | chitownmike the Demonspawn Berserker began the quest for
                  | the Orb.
     0 | D:1      | Reached XP level 1. HP: 18/18 MP: 1/1
   251 | D:1      | Gained mutation: You have sharp fingernails. [demonic
                  | ancestry]
   251 | D:1      | Reached XP level 2. HP: 22/24 MP: 2/2
   370 | D:1      | Reached skill level 2 in Armour
   537 | D:1      | Reached ** piety under Trog
   548 | D:1      | Gained mutation: A weak demonic guardian rushes to your
                  | aid. [demonic ancestry]
   548 | D:1      | Reached XP level 3. HP: 19/29 MP: 3/3
   971 | D:1      | Found a faded altar of an unknown god.
  1084 | D:2      | Noticed Jessica
  1094 | D:2      | Killed Jessica
  1095 | D:2      | Gained mutation: You have very sharp fingernails. [demonic
                  | ancestry]
  1095 | D:2      | Reached XP level 4. HP: 34/35 MP: 4/4
  1969 | D:3      | Noticed a scorpion
  1991 | D:3      | Killed a scorpion
  1992 | D:3      | Gained mutation: A meltable shield of frost defends you.
                  | (SH +0) [demonic ancestry]
  1992 | D:3      | Reached XP level 5. HP: 42/42 MP: 5/5
  2111 | D:3      | Found a hide-covered altar of Uskayaw.
  2115 | D:3      | Found an ancient bone altar of Kikubaaqudgha.
  2120 | D:3      | Found a sacrificial altar of Ru.
  2121 | D:3      | Found an ornate altar of the Wu Jian Council.
  2130 | D:3      | Found a bloodstained altar of Trog.
  3335 | D:4      | Noticed an ice beast
  3346 | D:4      | Killed an ice beast
  3347 | D:4      | Reached skill level 3 in Armour
  3347 | D:4      | Reached XP level 6. HP: 48/48 MP: 6/6
  3593 | D:4      | Reached skill level 1 in Shields
  4039 | D:4      | Found a staircase to the Ecumenical Temple.
  4054 | Temple   | Entered the Ecumenical Temple
  4642 | D:5      | Entered Level 5 of the Dungeon
  4846 | D:5      | Reached *** piety under Trog
  4847 | D:5      | Reached XP level 7. HP: 53/53 MP: 7/7
  5189 | D:5      | Reached skill level 1 in Polearms
  5328 | D:5      | Reached skill level 4 in Armour
  5667 | D:6      | Reached XP level 8. HP: 55/60 MP: 8/8
  5683 | D:6      | Reached skill level 5 in Armour
  5728 | D:6      | Reached skill level 1 in Stealth
  5891 | D:6      | Noticed Sigmund
  5919 | D:6      | Killed Sigmund
  6428 | D:7      | Reached skill level 6 in Armour
  6441 | D:7      | HP: 3/61 [wyvern (3)]
  6442 | D:7      | Slain by a wyvern

Illustrated notes

Levels and vault maps discovered:
D:1:      tarquinn_simple_flora_water_f, layout_basic,
          nicolae_ecumenical_snake_handling, amethyst_killhole
D:2:      layout_basic, minmay_shallow_snake_nest, uniq_jessica
D:3:      layout_basic, minitemple
D:4:      layout_gridville, minmay_temple_entry_wispy, item_on_display_b
D:5:      layout_layer_cave
D:6:      layout_basic, abandoned_shop, uniq_sigmund
D:7:      layout_cave_pools, worms_lemuel
Temple:   jpeg_temple_clearing

Skill      XL: |  1  2  3  4  5  6  7  8 |
---------------+-------------------------+-----
Short Blades   | 3 4 |  4.8
Dodging        | 2 3 |  3.1
Armour         | 2 3 4 6 |  6.0
Shields        | 1 2 3 |  3.2
Fighting       | 4 |  4.4
Polearms       | 3 4 |  4.4
Stealth        | 1 |  1.0
Throwing       | |  0.8

Action                     |  1- 3 |  4- 6 |  7- 9 || total
---------------------------+-------+-------+-------++-------
  Melee: Short sword       |   140 |   295 |       ||   435
         Spear             |       |    47 |   137 ||   184
  Throw: Stone             |    10 |    21 |     7 ||    38
         Throwing net      |       |       |     1 ||     1
 Invoke: Berserk           |     3 |     4 |     4 ||    11
         Trog's Hand       |       |     2 |     3 ||     5
    Use: Scroll            |     4 |     7 |     2 ||    13
         Potion            |       |     2 |     2 ||     4
   Stab: Sleeping          |     1 |       |       ||     1
 Armour: Animal skin       |    38 |    10 |       ||    48
         Plate armour      |       |   157 |   107 ||   264
  Dodge: Dodged            |    80 |    76 |    43 ||   199
  Block: Buckler           |     9 |    80 |    67 ||   156
